 Dungeon Crawl Stone Soup version 0.31.0-12-g77e489cdc1 (webtiles) character file.

Game seed: 7683586370833030702

290 PaiMei the Grave Robber (level 6, 0/46 HPs)
             Began as a Demonspawn Necromancer on Feb 20, 2024.
             Slain by a sky beast (6 damage)
             ... on level 3 of the Dungeon.
             The game lasted 00:03:33 (3363 turns).

PaiMei the Grave Robber (Demonspawn Necromancer)    Turns: 3363, Time: 00:03:33

Health: 0/46       AC:  2    Str:  8    XL:     6   Next: 9%
Magic:  8/11       EV: 13    Int: 18    God:
Gold:   128        SH:  0    Dex: 13    Spells: 7/11 levels left

rFire   . . .        c - +0 dagger
rCold   . . .        (no shield)
rNeg    . . .        a - +0 robe
rPois   .            (no helmet)
rElec   .            (no cloak)
rCorr   .            (no gloves)
SInv    .            (no boots)
Will    .....        (no amulet)
Stlth   ++           (no ring)
HPRegen 0.27/turn    (no ring)
MPRegen 0.12/turn

%: no passive effects
@: no status effects
A: demonic guardian 2, demonic magic 1
a: no special abilities


You were on level 3 of the Dungeon.
You visited 1 branch of the dungeon, and saw 3 of its levels.

You collected 128 gold pieces.

Inventory:

Hand Weapons
 c - a +0 dagger (weapon)
Armour
 a - a +0 robe (worn)
 g - a scarf of invisibility
Scrolls
 d - 2 scrolls of identify {unknown}
 f - a scroll of revelation {unknown}
 h - a scroll of poison {unknown}
 l - a scroll of teleportation {unknown}
Potions
 b - 2 potions of magic
 e - a potion of haste {unknown}
 i - 2 potions of degeneration {unknown}
 j - a potion of resistance {unknown}
 k - a potion of cancellation {unknown}
 m - a potion of ambrosia {unknown}


   Skills:
 + Level 2.5 Fighting
 + Level 3.2 Dodging
 - Level 2.0 Stealth
 + Level 3.4 Spellcasting
 + Level 5.5 Necromancy


You had 7 spell levels left.
You knew the following spells:

 Your Spells              Type           Power      Damage    Failure   Level
a - Necrotise             Necr           92%        1d8       1%          1
b - Vampiric Draining     Necr           23%        2d7       4%          3

Your spell library contained the following spells:

 Spells                   Type           Power      Damage    Failure   Level
 Animate Dead             Necr           23%        N/A       16%         4
 Curse of Agony           Necr           23%        N/A       41%         5
 Dazzling Flash           Conj/Hex       6%         N/A       43%         3
 Volatile Blastmotes      Fire/Tloc      6%         2d10      43%         3
 Starburst                Conj/Fire      1%         6d3       100%        6
 Maxwell's Capacitive Co  Air            1%         ∞         100%        8


Dungeon Overview and Level Annotations

Branches:
Dungeon (3/15)

Altars:
Okawaru


Innate Abilities, Weirdness & Mutations

A demonic guardian rushes to your aid.
Spells you cast may paralyse adjacent enemies.


Message History

Casting: Necrotise (safe; 1% risk of failure)
Confirm with . or Enter, or press ? or * to list all spells.
You can't see any susceptible monsters within range! (Use Z to cast anyway.)
Casting: Necrotise (safe; 1% risk of failure)
Confirm with . or Enter, or press ? or * to list all spells.
You can't see any susceptible monsters within range! (Use Z to cast anyway.)
Your goblin skeleton crumbles into dust!
Something hits you. Something shocks you. Something hits you.
Something shocks you. Something hits you. Something shocks you.
A sky beast appears from thin air!
Reactivating autopickup.
The sky beast attacks as it pursues you!
The sky beast misses you.
The sky beast attacks as it pursues you!
The sky beast hits you. The sky beast shocks you.
Casting: Necrotise (safe; 1% risk of failure)
Confirm with . or Enter, or press ? or * to list all spells.
Aiming: Necrotise (safe; 1% risk of failure)
Press: ? - help, Shift-Dir - straight line, f/p - sky beast
Aim: a sky beast (chance to affect: 81%)
The sky beast barely resists.
Malevolent energies surge around you. The sky beast closely misses you.
Casting: Necrotise (safe; 1% risk of failure)
Confirm with . or Enter, or press ? or * to list all spells.
Aiming: Necrotise (safe; 1% risk of failure)
Press: ? - help, Shift-Dir - straight line, f/p - sky beast
Aim: a sky beast (chance to affect: 81%)
The sky beast writhes in agony.
Malevolent energies surge around you.
The sky beast flickers out of sight!
Deactivating autopickup; reactivate with Ctrl-A.
Something hits you.
* * * LOW HITPOINT WARNING * * *
Something shocks you.
* * * LOW HITPOINT WARNING * * *
A demonic guardian appears!
Something hits you.
* * * LOW HITPOINT WARNING * * *
Something shocks you.
You die...

#........## ###########.##
#)#..#'#†.# #........##..)
#...##)##.## #.######......
#...#.[.#..# #.# ##.....
##..#######.# #.# #.#.#.
#...#.....#.####.# #.#...
#...#.....'..#...# #.####
#..#########.#...# #.# #..#
#@#...#### #.# #..'Zgb...
#.4......# #.# #..#...Y..
#........# # ##
#..#########....[...# #.###.
#...#.....'..#...##.# #.....
#...#....)#.##...##.# ####..
##..#######.##...##.# #...
#...#...#..####.##.######...
#.#.##.##...................


You could see a friendly orange demon (summoned, wandering).

Vanquished Creatures
  A bullfrog (D:3)
  2 bombardier beetles
  Natasha (thrice) (D:2)
  A gnoll (D:3)
  An adder (D:3)
  A dart slug (D:1)
  2 ribbon worms (D:2)
  2 orcs (D:3)
  2 bats (D:3)
  5 endoplasms
  8 goblins
  5 hobgoblins
  9 kobolds
  3 quokkas
  7 ball pythons
  5 frilled lizards
  A rat (D:2)
58 creatures vanquished.

Vanquished Creatures (collateral kills)
  A ribbon worm (D:2)
  A dart slug (D:2)
  A ball python (D:3)
  A goblin (D:2)
4 creatures vanquished.

Grand Total: 62 creatures vanquished

Notes
Turn   | Place    | Note
-------+----------+-------------------------------------------
     0 | D:1      | PaiMei the Demonspawn Necromancer began the quest for the
                  | Orb.
     0 | D:1      | Reached XP level 1. HP: 13/13 MP: 3/3
   188 | D:1      | Gained mutation: A weak demonic guardian rushes to your
                  | aid. [demonic ancestry]
   188 | D:1      | Reached XP level 2. HP: 19/19 MP: 1/5
   820 | D:2      | Noticed Natasha
  1073 | D:2      | Killed Natasha
  1074 | D:2      | Reached skill level 1 in Fighting
  1074 | D:2      | Gained mutation: A demonic guardian rushes to your aid.
                  | [demonic ancestry]
  1074 | D:2      | Reached XP level 3. HP: 26/26 MP: 0/6
  1078 | D:2      | Learned a level 3 spell: Vampiric Draining
  1325 | D:2      | Reached skill level 5 in Necromancy
  1325 | D:2      | Reached XP level 4. HP: 24/32 MP: 0/8
  1409 | D:2      | Noticed Natasha
  1415 | D:2      | Killed Natasha
  2371 | D:2      | Noticed Natasha
  2375 | D:2      | Killed Natasha
  2376 | D:2      | Gained mutation: Spells you cast may paralyse adjacent
                  | enemies. [demonic ancestry]
  2376 | D:2      | Reached XP level 5. HP: 38/38 MP: 5/9
  2670 | D:3      | Found an iron altar of Okawaru.
  3245 | D:3      | Noticed a sky beast
  3273 | D:3      | Reached XP level 6. HP: 46/46 MP: 1/11
  3363 | D:3      | Slain by a sky beast

Illustrated notes

Levels and vault maps discovered:
D:1:      minmay_arrival_radiant_lines, layout_rooms, minmay_misc_feat_ornament
D:2:      layout_basic, lexackson_kobold_supper, uniq_natasha
D:3:      layout_loops_ring, ashenzari_conservatory_becter,
          okawaru_altar_gauntlet_db, mainiacjoe_overflow_big_doors,
          serial_bayou_lagoon_a, minmay_divided_ellipse

Skill      XL: |  1  2  3  4  5 |
---------------+----------------+-----
Stealth        | 2 |  2.0
Dodging        | 2 3 |  3.2
Fighting       | 1 2 |  2.5
Necromancy     | 5 |  5.5
Spellcasting   | 3 |  3.4

Action                     |  1- 3 |  4- 6 || total
---------------------------+-------+-------++-------
  Melee: Dagger            |    20 |    18 ||    38
         Punch             |     1 |       ||     1
   Cast: Necrotise         |    52 |    83 ||   135
         Vampiric Draining |       |     5 ||     5
   Stab: Paralysed         |       |     1 ||     1
 Armour: Robe              |    14 |    27 ||    41
  Dodge: Dodged            |    15 |    24 ||    39
